 Dungeon Crawl Stone Soup version 0.30.0-15-g856e2d3f33 (webtiles) character file.

Game seed: 15748090088857196627

111 qw the Chopper (level 4, 0/28 HPs)
             Began as a Gargoyle Fighter on May 19, 2023.
             Slain by a gnoll
             ... wielding a +0 flail
              (3 damage)
             ... on level 2 of the Dungeon.
             The game lasted 00:00:37 (1930 turns).

qw the Chopper (Gargoyle Fighter)                   Turns: 1930, Time: 00:00:38

Health: 0/28       AC: 10    Str: 21    XL:     4   Next: 92%
Magic:  4/4        EV:  9    Int:  9    God:
Gold:   23         SH:  4    Dex:  9    Spells: 3/3 levels left

rFire   . . .        Y - +1 war axe
rCold   . . .        c - +0 buckler
rNeg    + . .        b - +0 scale mail
rPois   inf          (no helmet)
rElec   +            (no cloak)
rCorr   .            (no gloves)
SInv    .            (no boots)
Will    .....        (no amulet) Stlth
                     (no ring)
HPRegen 0.24/turn    (no ring)
MPRegen 0.09/turn

%: no passive effects
@: no status effects
A: sickness immunity, AC +3, negative energy resistance 1, electricity
resistance, torment resistance 1, petrification resistance
a: no special abilities


You were on level 2 of the Dungeon.
You visited 1 branch of the dungeon, and saw 2 of its levels.

You collected 23 gold pieces.


Innate Abilities, Weirdness & Mutations

You are immune to sickness and miasma.
Your stone body is resilient. (AC +3)
You are immune to poison.
You resist negative energy. (rN+)
You are resistant to electric shocks. (rElec)
You are resistant to unholy torment.
You are immune to petrification.


   Skills:
 - Level 3.2 Fighting
 + Level 4.5 Axes
 - Level 3.2 Armour
 - Level 3.2 Shields


You had 3 spell levels left.
You didn't know any spells.
Your spell library was empty.

Inventory:

Hand Weapons
 f - a +0 whip
 Y - a +1 war axe (weapon)
Missiles
 n - 5 silver boomerangs (quivered)
Armour
 b - a +0 scale mail (worn)
 c - a +0 buckler (worn)
Jewellery
 k - a ring of flight
Scrolls
 a - a scroll of fear {unknown}
 e - a scroll of torment {unknown}
 l - a scroll of fog {unknown}
 m - a scroll of poison {unknown}
 o - a scroll of identify {unknown}
Potions
 d - a potion of might
 g - a potion of attraction {unknown}
 h - a potion of haste
 i - a potion of heal wounds {unknown}
 j - a potion of lignification {unknown}
 p - a potion of magic {unknown}

Dungeon Overview and Level Annotations

Branches:
Dungeon (2/15)

Altars:


Message History

You hit the gnoll.
The gnoll is moderately wounded.
The gnoll barely misses you.
The gnoll hits you from afar with a +0 spear.
You closely miss the gnoll.
The gnoll is moderately wounded.
You block the gnoll's attack. The gnoll hits you with a +0 halberd!
You slash the gnoll!
You kill the gnoll!
The gnoll hits you from afar with a +0 spear. x2
The gnoll hits you but does no damage.
Things that are here:
a +0 halberd; a gnoll corpse You closely miss the gnoll.
The gnoll hits you with a +0 spear.
You hit the gnoll.
The gnoll is lightly wounded.
You block the gnoll's attack.
You hit the gnoll.
The gnoll is moderately wounded.
The gnoll hits you with a +0 spear.
You slash the gnoll!
The gnoll is almost dead.
The gnoll hits you but does no damage. The gnoll hits you with a +0 spear.
You hit the gnoll but do no damage.
The gnoll is almost dead.
The gnoll hits you with a +0 spear.
You barely miss the gnoll.
The gnoll is almost dead.
The gnoll closely misses you.
You hit the gnoll.
You kill the gnoll!
The gnoll hits you but does no damage.
You hit the gnoll.
The gnoll is lightly wounded.
The gnoll completely misses you.
You hit the gnoll.
The gnoll is heavily wounded.
The gnoll hits you with a +0 flail.
You die...

#....#........#.##)####..##
##.##..........)()...##..##
#.###.###.)...............
#.###.# #.####.##.....#.##
#.....# #.# #.##.......##
####### #.# #.##...#.#.##
#.# #.#.......... #.#
#.###..###.## #@# #.#
#......# #g# #. ##.#####
#.# #.# #.# #.# #.. #.# ###
#.# #.# ###


You could see a gnoll.

Vanquished Creatures
  An adder (D:2)
  7 gnolls (D:2)
  2 bats (D:2)
  2 endoplasms (D:1)
  2 giant cockroaches (D:1)
  4 goblins
  5 hobgoblins
  3 kobolds (D:1)
  A quokka (D:1)
  5 ball pythons
  A frilled lizard (D:1)
  4 rats
37 creatures vanquished.

Notes
Turn   | Place    | Note
-------+----------+-------------------------------------------
     0 | D:1      | qw the Gargoyle Fighter began the quest for the Orb.
     0 | D:1      | Reached XP level 1. HP: 14/14 MP: 1/1
     0 | D:1      | 0 ||| qw: Version: 0.2-a-96-g8eb1148
     0 | D:1      | 0 ||| qw: Game counter: 6
     0 | D:1      | 0 ||| qw: Always use a shield: true
     0 | D:1      | 0 ||| qw: God list: Okawaru
     0 | D:1      | 0 ||| qw: Allow faded altars: false
     0 | D:1      | 0 ||| qw: Do Orc after D:15 true
     0 | D:1      | 0 ||| qw: Do second Lair branch before Depths: true
     0 | D:1      | 0 ||| qw: Lair rune preference: random
     0 | D:1      | 0 ||| qw: Plans: Normal, Zot:1-4, God:TSO, Crypt, Tomb,
                  | Pan, Slime:5, Hells, Abyss, Win
     0 | D:1      | 0 ||| PLANNING D:1-11
   285 | D:1      | Reached skill level 2 in Axes
   338 | D:1      | Reached XP level 2. HP: 19/19 MP: 2/2
   363 | D:1      | 363 ||| Stepping ~*~*~tactically~*~*~ (hiding).
   846 | D:1      | 846 ||| READING scroll labelled AMEBOW MISEFA.
   847 | D:1      | 847 ||| READING scroll labelled COC UFAGAUPH.
   848 | D:1      | 848 ||| READING scroll labelled KYSSOSUBIC.
   849 | D:1      | 849 ||| DRINKING 2 red potions.
   917 | D:2      | 917 ||| Stepping ~*~*~tactically~*~*~ (stealth).
   940 | D:2      | Reached skill level 3 in Axes
   953 | D:2      | 953 ||| Stepping ~*~*~tactically~*~*~ (stealth).
  1002 | D:2      | 1002 ||| Stepping ~*~*~tactically~*~*~ (stealth).
  1010 | D:2      | Reached XP level 3. HP: 22/23 MP: 3/3
  1073 | D:2      | 1073 ||| Stepping ~*~*~tactically~*~*~ (hiding).
  1075 | D:2      | 1075 ||| Stepping ~*~*~tactically~*~*~ (hiding).
  1088 | D:2      | Reached XP level 4. HP: 12/28 MP: 4/4
  1166 | D:2      | 1166 ||| DROPPING +0 club.
  1219 | D:2      | Reached skill level 4 in Axes
  1230 | D:2      | Found a faded altar of an unknown god.
  1392 | D:2      | 1392 ||| Stepping ~*~*~tactically~*~*~ (stealth).
  1434 | D:2      | 1434 ||| Stepping ~*~*~tactically~*~*~ (stealth).
  1435 | D:2      | 1435 ||| Stepping ~*~*~tactically~*~*~ (stealth).
  1922 | D:2      | HP: 6/28 [gnoll/+0 spear (2)]
  1925 | D:2      | HP: 2/28 [gnoll/+0 spear (2)]
  1930 | D:2      | Slain by a gnoll

Levels and vault maps discovered:
D:1:      dpeg_arrival_circle_labyrinth_c, layout_loops_ring
D:2:      layout_basic, shapermc_ecumenical_altar_pompeii,
          grunt_decor_resistance

Skill      XL: |  1  2  3  4 |
---------------+-------------+-----
Axes           | 2 3 4 |  4.5
Fighting       | |  3.2
Armour         | |  3.2
Shields        | |  3.2

Action                     |  1- 3 |  4- 6 || total
---------------------------+-------+-------++-------
  Melee: War axe           |    54 |    28 ||    82
  Throw: Boomerang         |       |    10 ||    10
    Use: Scroll            |     3 |       ||     3
         Potion            |     1 |       ||     1
 Armour: Scale mail        |    31 |    12 ||    43
  Dodge: Dodged            |    19 |    10 ||    29
  Block: Buckler           |     3 |     5 ||     8

Table legend:
 A = Non-vault XP
 B = Vault XP
 C = Vault XP percentage of total XP
 D = Non-vault monster count
 E = Vault monster count
 F = Vault count percentage of total count
                 A         B        C        D         E       F
            +---------+---------+-------+---------+---------+-------
      Total |     159 |       0 |   0.0 |      37 |       0 |   0.0
            +---------+---------+-------+---------+---------+-------
        D:1 |      25 |       0 |   0.0 |      15 |       0 |   0.0
        D:2 |     134 |       0 |   0.0 |      22 |       0 |   0.0
            +---------+---------+-------+---------+---------+-------
